 Dungeon Crawl Stone Soup version 0.25-a0-105-g2289b3b9f1 (webtiles) character file.

Game seed: 12209272553579465028, levelgen mode: deterministic

3 mortelune the Caller (level 1, -9/15 HPs)
             Began as a Demonspawn Wanderer on Nov 16, 2019.
             Mangled by a kobold
             ... wielding a +0 whip of electrocution
              (15 damage)
             ... on level 1 of the Dungeon.
             The game lasted 00:01:08 (94 turns).

mortelune the Caller (Demonspawn Wanderer)            Turns: 94, Time: 00:01:09

Health: -9/15      AC:  2    Str: 12    XL:     1   Next: 41%
Magic:  1/3        EV: 11    Int: 12    God:
Gold:   6          SH:  0    Dex: 13    Spells: 3/4 levels left

rFire    . . .     SeeInvis .   a - +0 dagger
rCold    . . .     Gourm    .   (no shield)
rNeg     . . .     Faith    .   d - +0 robe
rPois    .         Spirit   .   (no helmet)
rElec    .         Reflect  .   (no cloak)
rCorr    .         Harm     .   (no gloves)
MR       .....                  (no boots)
Stlth    ++........             (no amulet)
HPRegen  0.05/turn              (no ring)
MPRegen  0.08/turn              (no ring)

@: no status effects
A: no striking features
a: no special abilities


You were on level 1 of the Dungeon.
You were not hungry.

You visited 1 branch of the dungeon, and saw 1 of its levels.

You collected 6 gold pieces.

Inventory:

Hand Weapons
 a - a +0 dagger (weapon)
 e - a +0 whip
Armour
 d - a +0 robe (worn)
Potions
 b - a potion of cancellation
 c - a potion of lignification
Comestibles
 f - a ration


   Skills:
 + Level 1.1 Fighting
   Level 1.0 Crossbows
 - Level 1.0 Armour
 - Level 1.0 Stealth
 + Level 2.0 Spellcasting
   Level 1.0 Hexes
 + Level 2.1 Summonings
   Level 1.0 Evocations


You had 3 spell levels left.
You knew the following spells:

 Your Spells              Type           Power        Failure   Level  Hunger
a - Summon Small Mammal   Summ           #...         12%         1    ##.....

Your spell library contained the following spells:

 Spells                   Type           Power        Failure   Level  Hunger
 Call Imp                 Summ           #.......     17%         2    ###....
 Call Canine Familiar     Summ           #.......     34%         3    ####...
 Passwall                 Tmut/Erth      #.......     38%         2    ###....
 Sticks to Snakes         Tmut           #.......     38%         2    ###....
 Summon Guardian Golem    Hex/Summ       #.......     38%         3    ####...
 Summon Ice Beast         Ice/Summ       #.......     87%         4    #####..
 Summon Lightning Spire   Summ/Air       #.......     87%         4    #####..


Dungeon Overview and Level Annotations

Branches:
Dungeon (1/15)

Altars:


Message History

You swap places.
The leopard gecko bites you.
You hit the leopard gecko.
The leopard gecko is heavily wounded.
The leopard gecko bites you.
The kobold hits you with a +0 whip of electrocution.
Your rat closely misses the leopard gecko.
Your rat completely misses the leopard gecko.
You hit the leopard gecko.
The leopard gecko is severely wounded.
The leopard gecko bites you but does no damage.
The kobold misses you. The leopard gecko barely misses you.
Your rat bites the leopard gecko.
The leopard gecko dies!
Your rat bites the kobold.
You hit the kobold but do no damage.
The kobold is moderately wounded.
The kobold hits you with a +0 whip of electrocution.
You are electrocuted!
Ouch! That really hurt!
You die...

#...... #..#####..
##+#### #......#.#
... #......#.# ..
.......#.# ..
.......#.# .
.......#.## #+#
#.#### ......Kr..#
#.# #.#...
.....r†@..#
##.####.....
#...###r..#
#.....###.## .
#...# #.....# #.#
#...###.....###.##
#.................
##................
#.....#..........
#.....#####......
#.....# #######


You could see a kobold, a rat and 2 friendly rats.

Vanquished Creatures (collateral kills)
  A leopard gecko (D:1)
  A giant cockroach (D:1)
2 creatures vanquished.

Notes
Turn   | Place    | Note
-------+----------+-------------------------------------------
     0 | D:1      | mortelune the Demonspawn Wanderer began the quest for the
                  | Orb.
     0 | D:1      | mortelune set off with the following items: a +0 dagger, a
                  | potion of lignification, a +0 robe, a ration; and the
                  | following spell memorised: Summon Small Mammal; and the
                  | following spells available to memorise: Call Imp, Call
                  | Canine Familiar, Passwall, Sticks to Snakes, Summon
                  | Guardian Golem, Summon Ice Beast, Summon Lightning Spire
     0 | D:1      | Reached XP level 1. HP: 15/15 MP: 3/3
    94 | D:1      | Mangled by a kobold

Levels and vault maps discovered:
D:1:      zaba_arrival_water, layout_basic

Action                   || total
-------------------------++-------
Melee: Dagger            ||     8
 Cast: Summon Small Mamm ||     3
  Use: Scroll            ||     1
Armor: Robe              ||     4
Dodge: Dodged            ||     4

Table legend:
 A = Non-vault XP
 B = Vault XP
 C = Vault XP percentage of total XP
 D = Non-vault monster count
 E = Vault monster count
 F = Vault count percentage of total count
                 A         B        C        D         E       F
            +---------+---------+-------+---------+---------+-------
      Total |       5 |       0 |   0.0 |       2 |       0 |   0.0
            +---------+---------+-------+---------+---------+-------
        D:1 |       5 |       0 |   0.0 |       2 |       0 |   0.0
            +---------+---------+-------+---------+---------+-------
